 Dungeon Crawl Stone Soup version 0.26.0-20-g3ca415f5b8 (webtiles) character file.

Game seed: 2412520675183828476

28371 kaeus the Protected (level 13, 0/125 HPs)
             Began as a Minotaur Fighter on Jan 25, 2021.
             Was the Champion of the Shining One.
             Killed from afar by an oklob plant (7 damage)
             ... with a splash of acid
             ... on level 3 of the Lair of Beasts.
             The game lasted 00:22:55 (14555 turns).

kaeus the Protected (Minotaur Fighter)             Turns: 14555, Time: 00:22:56

Health: 0/125      AC:  0    Str: 27    XL:     13   Next: 9%
Magic:  4/4        EV: 14    Int:  8    God:    the Shining One [******]
Gold:   1030       SH:  0    Dex: 23    Spells: 12/12 levels left

rFire    . . .     SeeInvis .   e - +8 Wrath of Trog {antimagic, *Rage}
rCold    + . .     Faith    .   (shield currently unavailable)
rNeg     + + +     Spirit   .   U - +0 acid dragon scales
rPois    .         Reflect  .   b - +2 hat
rElec    .         Harm     .   N - +2 cloak
rCorr    +         Rampage  .   A - +0 pair of gloves of Broken Taboos {rCorr Int+2 Dex+4}
Will     .....     Rnd*Rage +   V - +0 pair of boots
Stlth    +.........             p - amulet of regeneration
HPRegen  0.70/turn              Q - ring of Ucit {rC+ Dex+6}
MPRegen  0.09/turn              H - ring of the Octopus King {rN+ AC+1 EV+1 Str+1 Int+1 Dex+1}

@: corroded, berserk cooldown, slowed, glowing, studying Dodging, very slow
A: retaliatory headbutt, horns 2, rugged brown scales 1, thin skeletal structure
1, MP-powered wands
a: Renounce Religion, Divine Shield, Cleansing Flame, Summon Divine Warrior,
Brand Weapon With Holy Wrath


You were on level 3 of the Lair of Beasts.
You worshipped the Shining One.
The Shining One was exalted by your worship.
You visited 3 branches of the dungeon, and saw 15 of its levels.
You also visited: Sewer.

You collected 1030 gold pieces.

Inventory:

Hand Weapons
 e - the +8 Wrath of Trog (weapon) {antimagic, *Rage}
   (You found it on level 9 of the Dungeon)

   It reduces the magical energy of the wielder, and disrupts the spells and
   magical abilities of those hit.
   Natural abilities and divine invocations are not affected.
   It may make you go berserk in combat.
 T - the +8 mithril axe "Arga" {speed, Will+}
   (You found it on level 10 of the Dungeon)

   Attacks with this weapon are significantly faster.
   It affects your willpower, your defense against some magical effects.
Armour
 b - a +2 hat (worn)
 c - a +0 kite shield
 h - a +1 troll leather armour {Purgy}
 A - the +0 pair of gloves of Broken Taboos (worn) {rCorr Int+2 Dex+4}
   (You found it in a sewer)

   It affects your intelligence (+2).
   It affects your dexterity (+4).
   It provides partial protection from all sources of acid and corrosion.
 N - a +2 cloak (worn)
 U - +0 acid dragon scales (worn)
 V - a +0 pair of boots (worn)
Jewellery
 k - an uncursed ring of wizardry
 p - an amulet of regeneration (around neck)
 G - an uncursed amulet of the acrobat
 H - a ring of the Octopus King (right hand) {rN+ AC+1 EV+1 Str+1 Int+1 Dex+1}
   (You found it on level 7 of the Dungeon)

   [ring of positive energy]

   It affects your AC (+1).
   It affects your evasion (+1).
   It affects your strength (+1).
   It affects your intelligence (+1).
   It affects your dexterity (+1).
   It protects you from negative energy.
 I - an uncursed ring of poison resistance
 K - an uncursed amulet of reflection
 L - an uncursed ring of resist corrosion
 Q - the ring of Ucit (left hand) {rC+ Dex+6}
   (You found it on level 10 of the Dungeon)

   [ring of dexterity]

   It affects your dexterity (+6).
   It protects you from cold.
Wands
 t - a wand of flame (16)
 B - a wand of digging (10)
 F - a wand of iceblast (16)
 J - a wand of paralysis (5)
 P - a wand of enslavement (8)
 Z - a wand of polymorph (8)
Scrolls
 g - a scroll of identify
 i - 7 scrolls of remove curse
 m - 3 scrolls of fear
 n - 2 scrolls of fog
 o - 4 scrolls of amnesia
 r - 2 scrolls of enchant weapon
 y - 5 scrolls of teleportation
 D - a scroll of vulnerability
 E - 3 scrolls of magic mapping
 O - a scroll of summoning
Potions
 a - a potion of berserk rage
 d - 5 potions of might
 f - 5 potions of curing
 j - 3 potions of flight
 s - a potion of attraction
 w - a potion of magic
 M - 2 potions of brilliance
 X - a potion of lignification
Books
 q - a manual of Dodging


   Skills:
 + Level 13.4 Fighting
 + Level 13.2 Axes
 + Level 13.4 Armour
 + Level 1.9 Dodging
 + Level 13.4 Shields
 + Level 1.0 Evocations


You had 12 spell levels left.
You didn't know any spells.
Your spell library contained the following spells:

 Spells                   Type           Power        Failure   Level
 Beastly Appendage        Tmut           0%           45%         1
 Sting                    Tmut/Pois      0%           45%         1
 Poisonous Vapours        Pois/Air       0%           58%         2
 Searing Ray              Conj           0%           58%         2
 Wereblood                Tmut           0%           58%         2
 Ignite Poison            Fire/Tmut/Pois 0%           83%         3
 Mephitic Cloud           Conj/Pois/Air  0%           83%         3
 Spider Form              Tmut/Pois      0%           83%         3
 Ice Form                 Ice/Tmut       0%           99%         4
 Olgreb's Toxic Radiance  Pois           0%           99%         4
 Blade Hands              Tmut           0%           100%        5
 Conjure Ball Lightning   Conj/Air       0%           100%        6
 Spellforged Servitor     Conj/Summ      0%           100%        7


Dungeon Overview and Level Annotations

Branches:
Dungeon (11/15)            Temple (1/1) D:4            Lair (3/6) D:9
  Swamp (0/4) Lair:2          Orc (0/2) D:11          Sewer (visited)
  Snake: Lair:2-4    Spider: Lair:2-4

Altars:
Ashenzari
Cheibriados
Elyvilon
Fedhas
Gozag
Hepliaklqana
Kikubaaqudgha
Makhleb
Nemelex Xobeh
Okawaru
Qazlal
Ru
Sif Muna
Trog
Uskayaw
Vehumet
Wu Jian
Xom
Yredelemnul
Zin
The Shining One

Shops:
D:11 *

Annotations:
D:5 2 runed translucent doors, dornbeast's ghost, novice DrWn
D:6 3 runed translucent doors, thiole's ghost, novice OpWz
Lair:3 exclusion: oklob plant


Innate Abilities, Weirdness & Mutations

You reflexively headbutt those who attack you in melee.
You have a pair of horns on your head.
You are partially covered in rugged brown scales. (AC +1, +3% HP)
You have a somewhat thin skeletal structure. (Dex +2, Stealth)
You expend magic power (3 MP) to strengthen your wands.


Message History

The splash of acid hits you. You resist.
* * * LOW HITPOINT WARNING * * *
You are splashed with acid!
You resist.
* * * LOW HITPOINT WARNING * * *
You take 11 damage, and have 16/125 hp.
You hit the oklob plant but do no damage.
You headbutt the oklob plant, but do no damage.
The oklob plant is almost destroyed.
The oklob plant spits acid at you. The splash of acid hits you. You resist.
* * * LOW HITPOINT WARNING * * *
The acid corrodes you!
You are splashed with acid.
You resist.
* * * LOW HITPOINT WARNING * * *
You take 11 damage, and have 5/125 hp.
You hit the oklob plant but do no damage.
You headbutt the oklob plant, but do no damage.
The oklob plant is almost destroyed.
The oklob plant spits acid at you. The splash of acid hits you! You resist.
You die...

###.######..##.###.......
.......[.................
.........................
........†...............
..#P...†#...........)..
#..$..#######........
#$$$..# ########. #..!..#
#. #.!.@P# ## #?.$)$# .
####### #


You could see an oklob plant.

Vanquished Creatures
  Harold (D:10)
  A boulder beetle (D:10)
  5 hydras
  A two-headed ogre (D:11)
  Sonja (Lair:2)
  2 unseen horrors (D:10)
  3 oklob plants (Lair:3)
  Maurice (D:8)
  Joseph (D:9)
  Psyche (D:11)
  9 cane toads
  5 komodo dragons
  2 trolls (D:9)
  2 hornets
  A polar bear (Lair:2)
  5 blink frogs
  A wyvern (Lair:1)
  5 wraiths
  2 basilisks
  12 yaks
  An acid dragon (D:11)
  3 swamp worms (Lair:2)
  7 water moccasins
  4 sky beasts
  Purgy (Sewer)
  2 orc warriors
  4 ice beasts
  4 phantoms
  3 black bears
  5 ogres
  14 wolves
  7 centaurs
  4 big kobolds (D:10)
  13 bullfrogs
  A wyvern zombie (D:10)
  A scorpion (D:3)
  A troll zombie (D:11)
  18 killer bees
  14 wights
  2 electric eels
  3 howler monkeys (D:7)
  A bullfrog zombie (D:7)
  3 centaur zombies
  5 hounds
  Crazy Yiuf (D:3)
  2 centaur skeletons (D:4)
  2 gnoll shamans (D:9)
  9 orc priests
  10 orc wizards
  3 bullfrog skeletons
  Terence (D:3)
  Natasha (thrice) (D:3)
  3 iguanas
  7 worker ants
  2 killer bee zombies
  5 ogre zombies (D:11)
  A centaur simulacrum (D:10)
  A hound zombie (D:9)
  3 hound skeletons (D:10)
  2 howler monkey zombies (D:6)
  A worker ant zombie (D:10)
  Robin (D:3)
  14 gnolls
  12 adders
  2 river rats (D:4)
  3 shadow imps
  2 white imps (D:7)
  4 ufetubi
  5 worms
  4 dart slugs
  5 leopard geckos
  43 orcs
  A ball python (D:2)
  11 bats
  7 giant cockroaches
  11 goblins
  10 hobgoblins
  11 jackals
  32 kobolds
  2 quokkas
  A ball python skeleton (D:4)
  5 frilled lizards
  A goblin skeleton (D:11)
  3 goblin zombies (D:11)
  2 hobgoblin skeletons (D:11)
  A leopard gecko skeleton (D:4)
  5 orc skeletons (D:11)
  8 orc zombies (D:11)
  A quokka skeleton (D:4)
  4 rats
  4 toadstools (D:4)
453 creatures vanquished.

Vanquished Creatures (others)
  10 fungi
  39 plants
  2 toadstools (D:4)
51 creatures vanquished.

Grand Total: 504 creatures vanquished

Notes
Turn   | Place    | Note
-------+----------+-------------------------------------------
     0 | D:1      | kaeus the Minotaur Fighter began the quest for the Orb.
     0 | D:1      | Reached XP level 1. HP: 19/19 MP: 0/0
   181 | D:1      | Reached XP level 2. HP: 27/27 MP: 1/1
   689 | D:2      | Reached XP level 3. HP: 33/33 MP: 2/2
  1087 | D:2      | Found a sacrificial altar of Ru.
  1104 | D:2      | Reached XP level 4. HP: 31/40 MP: 3/3
  1275 | D:2      | Found a glowing golden altar of the Shining One.
  1290 | D:2      | Became a worshipper of the Shining One
  1604 | D:3      | Noticed Terence
  1616 | D:3      | Killed Terence
  1617 | D:3      | Reached XP level 5. HP: 45/47 MP: 4/4
  1784 | D:3      | Noticed Robin
  1796 | D:3      | Killed Robin
  1905 | D:3      | Reached skill level 5 in Shields
  1985 | D:3      | Noticed Natasha
  1990 | D:3      | Killed Natasha
  1991 | D:3      | Reached skill level 5 in Fighting
  1991 | D:3      | Reached skill level 5 in Armour
  2039 | D:3      | Reached XP level 6. HP: 56/56 MP: 5/5
  2210 | D:3      | Found a runed translucent door.
  2211 | D:3      | Noticed Crazy Yiuf
  2289 | D:3      | Killed Crazy Yiuf
  2423 | D:3      | Noticed Natasha
  2435 | D:3      | Killed Natasha
  3981 | D:3      | Noticed Natasha
  3986 | D:3      | Killed Natasha
  4080 | D:4      | Found a staircase to the Ecumenical Temple.
  4094 | D:4      | You fall into a shaft and drop 1 floor!
  4094 | D:5      | Entered Level 5 of the Dungeon
  4110 | D:5      | Reached * piety under the Shining One
  4147 | D:5      | Reached XP level 7. HP: 60/62 MP: 6/6
  4232 | D:4      | Reached skill level 5 in Axes
  4285 | D:4      | Found a glowing drain.
  4289 | Sewer    | Entered a sewer
  4348 | Sewer    | Noticed Purgy
  4361 | Sewer    | Killed Purgy
  4404 | Sewer    | Got a pair of smoking gloves
  4419 | Sewer    | Identified the +0 pair of gloves of Broken Taboos {rCorr
                  | Int+2 Dex+4} (You found it in a sewer)
  5070 | D:5      | Found a bloodstained altar of Trog.
  5086 | D:5      | Found a large runed translucent door.
  5086 | D:5      | Found a large runed translucent door.
  5324 | D:5      | Reached XP level 8. HP: 71/71 MP: 7/7
  5410 | D:5      | Noticed dornbeast's ghost (novice DrWn)
  5523 | D:6      | Found a runed translucent gate.
  5523 | D:6      | Found a runed translucent gate.
  5523 | D:6      | Noticed thiole's ghost (novice OpWz)
  5524 | D:6      | Found a runed translucent gate.
  5526 | D:6      | Noticed an unseen horror
  5560 | D:6      | Reached ** piety under the Shining One
  5582 | D:6      | Found an opulent altar of Gozag.
  5740 | D:6      | Found a shimmering altar of Xom.
  5741 | D:6      | Found a shimmering altar of Xom.
  5743 | D:6      | Found a shimmering altar of Xom.
  5745 | D:6      | Found a shimmering altar of Xom.
  5747 | D:6      | Found a shimmering altar of Xom.
  5747 | D:6      | Found a shimmering altar of Xom.
  5946 | D:6      | Reached *** piety under the Shining One
  6162 | D:6      | Reached XP level 9. HP: 81/81 MP: 8/8
  6555 | Temple   | Entered the Ecumenical Temple
  7010 | D:7      | Found the ring of the Octopus King
  7021 | D:7      | Got a ring of the Octopus King
  7130 | D:7      | Identified a ring of the Octopus King {rN+ AC+1 EV+1 Str+1
                  | Int+1 Dex+1} (You found it on level 7 of the Dungeon)
  7510 | D:8      | Found a hazy altar of Hepliaklqana.
  7512 | D:8      | Found a broken altar of Ashenzari.
  7703 | D:8      | Found a shimmering blue altar of Sif Muna.
  7727 | D:8      | Noticed Maurice
  7731 | D:8      | Paralysed by Maurice for 5 turns
  7741 | D:8      | Killed Maurice
  7990 | D:9      | Found the +8 Wrath of Trog {antimagic, *Rage}
  7993 | D:9      | Reached **** piety under the Shining One
  8112 | D:9      | Noticed Joseph
  8122 | D:9      | Killed Joseph
  8123 | D:9      | Reached XP level 10. HP: 91/91 MP: 3/9
  8399 | D:9      | Reached skill level 10 in Fighting
  8399 | D:9      | Reached skill level 10 in Armour
  8399 | D:9      | Reached skill level 10 in Shields
  8770 | D:9      | Found a staircase to the Lair.
  8852 | D:10     | Entered Level 10 of the Dungeon
  9005 | D:10     | Noticed an unseen horror
  9005 | D:10     | Noticed a boulder beetle
  9006 | D:10     | Found the +8 mithril axe "Arga" {speed, Will+}
  9007 | D:10     | Killed an unseen horror
  9008 | D:10     | Reached skill level 10 in Axes
  9016 | D:10     | Killed a boulder beetle
  9032 | D:10     | Reached ***** piety under the Shining One
  9035 | D:10     | Reached XP level 11. HP: 101/101 MP: 3/10
  9083 | D:10     | Identified the Catalogue of Congealing Confrontation
  9490 | D:10     | Paralysed by a hornet for 1 turns
  9512 | D:10     | Got a wavering marble ring
  9546 | D:10     | Identified the ring of Ucit {rC+ Dex+6} (You found it on
                  | level 10 of the Dungeon)
  9625 | D:10     | Noticed Harold
  9642 | D:10     | Killed Harold
 10011 | D:10     | Noticed an unseen horror
 10015 | D:10     | Killed an unseen horror
 10374 | D:11     | Found Ciacwab's General Store.
 10669 | D:11     | Noticed Psyche
 10674 | D:11     | Killed Psyche
 10725 | D:11     | Noticed a two-headed ogre
 10730 | D:11     | Killed a two-headed ogre
 10855 | D:11     | Identified the cursed +1 long sword "Soekeh" {antimagic,
                  | +Fly rElec MP-9}
 10985 | D:11     | Reached ****** piety under the Shining One
 10995 | D:11     | Found a staircase to the Orcish Mines.
 11524 | Lair:1   | Entered Level 1 of the Lair of Beasts
 11546 | Lair:1   | Reached XP level 12. HP: 112/112 MP: 3/11
 11756 | Lair:1   | Gained mutation: You have a somewhat thin skeletal
                  | structure. (Dex +2, Stealth) [potion of mutation]
 11756 | Lair:1   | Gained mutation: You expend magic power (3 MP) to
                  | strengthen your wands. [potion of mutation]
 11756 | Lair:1   | Gained mutation: You are partially covered in rugged brown
                  | scales. (AC +1, +3% HP) [potion of mutation]
 12102 | Lair:1   | Noticed a six-headed hydra
 12106 | Lair:1   | Killed a nine-headed hydra
 12374 | Lair:1   | Noticed a four-headed hydra
 12379 | Lair:1   | Killed a seven-headed hydra
 13212 | Lair:2   | Noticed a five-headed hydra
 13226 | Lair:2   | Killed an 11-headed hydra
 13870 | Lair:2   | Noticed Sonja
 13877 | Lair:2   | Killed Sonja
 14008 | Lair:2   | Noticed a four-headed hydra
 14012 | Lair:2   | Killed a six-headed hydra
 14067 | Lair:2   | Noticed a four-headed hydra
 14077 | Lair:2   | Killed a nine-headed hydra
 14297 | Lair:2   | Found a staircase to the Swamp.
 14516 | Lair:3   | Identified a scroll of acquirement
 14517 | Lair:3   | Acquired a manual of Dodging
 14527 | Lair:3   | Reached XP level 13. HP: 125/125 MP: 4/12
 14531 | Lair:3   | Reached skill level 1 in Dodging
 14547 | Lair:3   | Reached skill level 1 in Evocations
 14554 | Lair:3   | HP: 5/125 [acid (6)]
 14555 | Lair:3   | Killed from afar by an oklob plant

Illustrated notes

Levels and vault maps discovered:
D:1:      minmay_arrival_open_corners, layout_loops_cross
D:2:      layout_basic, nicolae_ru_path_of_blood, nicolae_overflow_crystal_walls
D:3:      layout_rooms, uniq_robin, uniq_crazy_yiuf_cottage, uniq_natasha,
          uniq_terence
D:4:      layout_basic, minmay_temple_entry_slanted, gup_sewer_entry_spiral,
          minmay_gold_behind_fungi, kennysheep_generic_room_11
D:5:      layout_cave_pools, overflow_temple_1_default,
          ebering_ghost_disaster_area, palyth_stone_intersect
D:6:      layout_basic, old_standard_altar, xom_redecorated,
          gammafunk_ghost_split
D:7:      layout_basic
D:8:      layout_loops_ring, nicolae_overflow_hidden_temple, uniq_maurice
D:9:      layout_cave_pools, david_lair_shrubbed, uniq_joseph
D:10:     layout_basic, minmay_pinched_square, uniq_harold
D:11:     layout_rooms, zombieorc1_lemuel, kennysheep_small_square, uniq_psyche
Temple:   nicolae_temple_god_jail
Lair:1:   layout_regular_city, serial_bayou_ford_a,
          chequers_serial_rivers_micro_d, chequers_serial_rivers_small_b
Lair:2:   layout_roguey, palyth_hydra_swamp_entry, chequers_serial_rivers_marsh,
          minivault_23, st_stairs_6, serial_bayou_pond_a, serial_bayou_shore_a,
          infiniplex_staircase_pool, uniq_sonja
Lair:3:   beast_lair_carwin_large_3, layout_hall_layers,
          guppyfry_snake_entry_island, minmay_lair_oklob_chamber, uniq_gastronok

Skill      XL: |  1  2  3  4  5  6  7  8  9 10 11 12 13 |
---------------+----------------------------------------+-----
Shields        | 4 5 6 8 9 10 12 13 | 13.4
Fighting       | 4 5 6 7 9 10 12 13 | 13.4
Armour         | 4 5 6 8 9 10 12 13 | 13.4
Axes           | 3 4 6 7 9 10 11 13 | 13.2
Dodging        | 1 |  1.9
Evocations     | 1 |  1.0

Action                   |  1- 3 |  4- 6 |  7- 9 | 10-12 | 13-15 || total
-------------------------+-------+-------+-------+-------+-------++-------
Melee: War axe           |   110 |   145 |   285 |       |       ||   540
       Headbutt          |    12 |    21 |    49 |    87 |    12 ||   181
       Battleaxe         |       |       |     5 |   350 |    22 ||   377
  Use: Scroll            |       |       |    11 |    12 |       ||    23
       Potion            |       |       |       |    16 |     1 ||    17
Armor: Scale mail        |    55 |    53 |       |       |       ||   108
       Chain mail        |       |    18 |    24 |       |       ||    42
       Troll leather arm |       |       |    76 |    81 |       ||   157
       Acid dragon scale |       |       |       |   159 |     2 ||   161
Dodge: Dodged            |    34 |    43 |    97 |   346 |     6 ||   526
Block: Kite shield       |    73 |    76 |   155 |       |       ||   304
